 Dungeon Crawl Stone Soup version 0.31.0-12-g77e489cdc1 (webtiles) character file.

Game seed: 4869954401375175644

81 Gadfly the Shield-Bearer (level 4, -1/42 HPs)
             Began as a Gargoyle Fighter on Mar 2, 2024.
             Slain by a gnoll
             ... wielding a +0 halberd
              (3 damage)
             ... on level 3 of the Dungeon.
             The game lasted 00:03:11 (2058 turns).

Gadfly the Shield-Bearer (Gargoyle Fighter)         Turns: 2058, Time: 00:03:12

Health: -1/42      AC: 10    Str: 20    XL:     4   Next: 40%
Magic:  5/5        EV:  9    Int:  8    God:
Gold:   92         SH:  4    Dex: 11    Spells: 3/3 levels left

rFire   . . .        a - +0 flail
rCold   . . .        c - +0 buckler
rNeg    + . .        b - +0 scale mail
rPois   ∞            (no helmet)
rElec   +            (no cloak)
rCorr   .            (no gloves)
SInv    .            (no boots)
Will    .....        (no amulet) Stlth
                     (no ring)
HPRegen 0.27/turn    (no ring)
MPRegen 0.09/turn

%: no passive effects
@: berserking, very quick
A: sickness immunity, AC +3, negative energy resistance 1, electricity
resistance, torment resistance 1, petrification resistance
a: no special abilities


You were on level 3 of the Dungeon.
You visited 1 branch of the dungeon, and saw 3 of its levels.

You collected 92 gold pieces.

Inventory:

Hand Weapons
 a - a +0 flail (weapon)
Armour
 b - a +0 scale mail (worn)
 c - a +0 buckler (worn)
Scrolls
 e - a scroll of blinking
 f - 2 scrolls of teleportation
 i - a scroll of identify
Potions
 h - 2 potions of might
 j - a potion of haste


   Skills:
 + Level 3.5 Fighting
 * Level 2.7 Maces & Flails
 + Level 3.6 Armour
 + Level 3.6 Shields
 * Level 1.7 Invocations
 * Level 1.4 Evocations


You had 3 spell levels left.
You didn't know any spells.
Your spell library contained the following spells:

 Spells                   Type           Power      Damage    Failure   Level
 Call Canine Familiar     Summ           0%         N/A       99%         3
 Sigil of Binding         Hex            0%         N/A       99%         3
 Dimensional Bullseye     Hex/Tloc       0%         N/A       100%        4


Dungeon Overview and Level Annotations

Branches:
Dungeon (3/15)

Altars:

Shops:
D:1 *


Innate Abilities, Weirdness & Mutations

You are immune to sickness and miasma.
Your stone body is resilient. (AC +3)
You are immune to poison.
You resist negative energy. (rN+)
You are resistant to electric shocks. (rElec)
You are resistant to unholy torment.
You are immune to petrification.


Message History

You sock the gnoll!
The gnoll is heavily wounded.
The gnoll hits you with a +0 spear. The gnoll hits you but does no damage.
You hit the gnoll.
The gnoll is almost dead.
The gnoll hits you with a +0 spear. The gnoll barely misses you.
You hit the gnoll but do no damage.
The gnoll is almost dead.
The gnoll hits you but does no damage.
The gnoll hits you from afar with a +0 halberd.
You barely miss the gnoll.
The gnoll is almost dead.
The gnoll hits you but does no damage. x2
The gnoll hits you from afar with a +0 halberd.
The gnoll barely misses you.
The gnoll hits you from afar with a +0 halberd.
The gnoll hits you with a +0 spear.
A red film seems to cover your vision as you go berserk!
You feel yourself moving faster!
You feel mighty! The gnoll barely misses you.
The gnoll hits you with a +0 spear.
* * * LOW HITPOINT WARNING * * *
The gnoll barely misses you.
You sock the gnoll!
The gnoll is severely wounded.
The gnoll hits you with a +0 flail!
* * * LOW HITPOINT WARNING * * *
The gnoll closely misses you. The gnoll barely misses you.
You closely miss the gnoll.
The gnoll is severely wounded.
A ball python comes into view.
The ball python moves out of view.
Unknown command.
You sock the gnoll!
You kill the gnoll!
The gnoll closely misses you. The gnoll hits you but does no damage.
You closely miss the gnoll.
The gnoll is almost dead.
The gnoll barely misses you.
The gnoll hits you from afar with a +0 halberd.
You die...

# #.#
#.#.##.#
..###.#.##.#
...........#
.#####..#####
#......#
#.####.# #.#
#)# #@# #g#


.gg ..w.. ####... .... ..... ...... You could see 2 gnolls, a dart slug and a
goblin.

Vanquished Creatures
  An adder (D:3)
  2 gnolls
  A dart slug (D:3)
  A ribbon worm (D:2)
  4 bats
  4 endoplasms
  3 giant cockroaches (D:1)
  3 goblins (D:1)
  3 hobgoblins
  2 jackals (D:1)
  6 kobolds
  3 quokkas (D:1)
  3 ball pythons
  5 frilled lizards
  4 rats
  A spectral kobold (D:2)
46 creatures vanquished.

Notes
Turn   | Place    | Note
-------+----------+-------------------------------------------
     0 | D:1      | Gadfly the Gargoyle Fighter began the quest for the Orb.
     0 | D:1      | Reached XP level 1. HP: 14/14 MP: 1/1
    81 | D:1      | Reached XP level 2. HP: 19/19 MP: 2/2
   170 | D:1      | Reached skill level 1 in Invocations
   194 | D:1      | Found Tekuesik's General Store.
   210 | D:1      | Reached XP level 3. HP: 5/23 MP: 3/3
   310 | D:1      | Reached skill level 1 in Evocations
  1404 | D:2      | Found a faded altar of an unknown god.
  1970 | D:3      | Reached XP level 4. HP: 28/28 MP: 5/5
  2055 | D:3      | HP: 2/42 [gnoll/+0 flail (8)]
  2058 | D:3      | Slain by a gnoll

Illustrated notes

Levels and vault maps discovered:
D:1:      lemuel_arrival_behind_the_door_large, layout_loops_cross,
          serial_shops, nicolae_shop_pleasant_corner_grove, st_stairs_2
D:2:      layout_basic, dreamdust_ecumenical_altar_drowned_temple,
          nicolae_figureground_sparkle
D:3:      layout_loops_ring, uniq_terence

Skill      XL: |  1  2  3 |
---------------+----------+-----
Invocations    | 1 |  1.7
Evocations     | 1 |  1.4
Fighting       | |  3.5
Maces & Flails | |  2.7
Armour         | |  3.6
Shields        | |  3.6

Action                     |  1- 3 |  4- 6 || total
---------------------------+-------+-------++-------
  Melee: Flail             |   136 |    20 ||   156
    Use: Potion            |     1 |     1 ||     2
         Scroll            |     9 |       ||     9
 Armour: Scale mail        |   121 |    27 ||   148
  Dodge: Dodged            |    72 |    18 ||    90
  Block: Buckler           |    39 |     5 ||    44
